 Dungeon Crawl Stone Soup version 0.28.0-47-ge53b351184 (webtiles) character file.

Game seed: 13255162897321233646

144 CryoSword the Grave Robber (level 5, -4/41 HPs)
             Began as a Demonspawn Necromancer on May 5, 2022.
             Killed by nerve-wracking pain
             ... invoked by a shadow imp
              (11 damage)
             ... on level 3 of the Dungeon.
             The game lasted 00:04:27 (3634 turns).

CryoSword the Grave Robber (Demonspawn Necromancer) Turns: 3634, Time: 00:04:28

Health: -4/41      AC:  9    Str: 10    XL:     5   Next: 5%
Magic:  8/8        EV: 12    Int: 16    God:
Gold:   18         SH:  0    Dex: 14    Spells: 4/8 levels left

rFire   . . .      SeeInvis .   d - +2 dagger (venom)
rCold   . . .      Faith    .   (no shield)
rNeg    . . .      Spirit   .   a - +0 robe
rPois   .          Reflect  .   c - +1 helmet
rElec   .          Harm     .   (no cloak)
rCorr   .          Rampage  .   i - +2 pair of gloves
Will    .....                   e - +1 pair of boots
Stlth   ++........              (no amulet)
HPRegen 0.13/turn               (no ring)
MPRegen 0.11/turn               (no ring)

@: no status effects
A: demonic touch 2
a: no special abilities


You were on level 3 of the Dungeon.
You visited 1 branch of the dungeon, and saw 3 of its levels.

You collected 73 gold pieces.
You spent 55 gold pieces at shops.

Inventory:

Hand Weapons
 d - a +2 dagger of venom (weapon)
   (You took it off a goblin on level 3 of the Dungeon)
Missiles
 f - 3 boomerangs
 k - 4 poisoned darts
Armour
 a - a +0 robe (worn)
 c - a +1 helmet (worn)
   (You found it on level 1 of the Dungeon)
 e - a +1 pair of boots (worn)
   (You found it on level 1 of the Dungeon)
 i - a +2 pair of gloves (worn)
   (You found it on level 3 of the Dungeon)
Wands
 j - a wand of flame (17)
   (You found it on level 3 of the Dungeon)
Scrolls
 b - 3 scrolls of identify {@r1}
 n - a scroll of magic mapping
Potions
 g - a potion of cancellation {unknown}
 h - a potion of ambrosia {unknown}
 l - a potion of curing {unknown}
 o - 2 potions of flight
 p - a potion of heal wounds {unknown}
 q - a potion of might


   Skills:
 * Level 3.2 Fighting
 + Level 2.8 Dodging
 - Level 1.7 Stealth
 - Level 2.0 Spellcasting
 + Level 5.1 Necromancy


You had 4 spell levels left.
You knew the following spells:

 Your Spells              Type           Power      Damage    Failure   Level
a - Pain                  Necr           72%        1d7       2%          1
b - Vampiric Draining     Necr           18%        2d7       8%          3

Your spell library contained the following spells:

 Spells                   Type           Power      Damage    Failure   Level
 Animate Skeleton         Necr           36%        N/A       2%          1
 Foxfire                  Conj/Fire      4%         2x1d4     21%         1
 Animate Dead             Necr           9%         N/A       24%         4
 Conjure Flame            Conj/Fire      1%         6-21      52%         3
 Inner Flame              Hex/Fire       1%         N/A       52%         3
 Flame Wave               Conj/Fire      1%         2d4       90%         4
 Agony                    Necr           18%        N/A       56%         5


Dungeon Overview and Level Annotations

Branches:
Dungeon (3/15)

Altars:

Shops:
D:2 [   D:3 !

Annotations:
D:3 1 transporter


Innate Abilities, Weirdness & Mutations

Your touch may inflict irresistible damage on your foes.


Message History

You feel sick.
Aim: a goblin, wielding a +2 dagger of venom (chance to affect: 88%)
The goblin barely resists.
You feel sick. The goblin misses you.
Aim: a goblin, wielding a +2 dagger of venom (chance to affect: 88%)
The goblin writhes in agony!
You kill the goblin!
You feel sick.
You have reached level 5!
You feel sick.
Things that are here:
a +2 dagger of venom; a goblin corpse
d - a +2 dagger of venom You feel sick.
Your +2 dagger of venom begins to drip with poison!
d - a +2 dagger of venom (weapon)
You feel sick.
You drop a +0 trident.
You feel sick.
You are no longer poisoned.
Key pressed, stopping explore.
Key pressed, stopping explore.
Things that are here:
a +0 hand axe; an orc skeleton
Things that are here:
a +0 trident; a goblin corpse
There is an escape hatch in the floor here.
Things that are here:
a +0 club; a +0 scale mail
Things that are here:
a +0 whip; a +0 ring mail; an orc skeleton
Things that are here:
a +0 club; a goblin skeleton
Things that are here:
a +0 whip; a +0 ring mail; an orc skeleton
p - a yellow potion
Found Piwace Del's Distillery.
Found a mace.
Found a stone staircase leading up.
A giant cockroach comes into view.
A giant cockroach is nearby!
A giant cockroach is nearby!
A rat comes into view.
The giant cockroach bites you but does no damage.
You hit the giant cockroach.
The giant cockroach is poisoned.
You touch the giant cockroach.
You kill the giant cockroach!
The rat misses you.
You barely miss the rat.
You touch the rat.
You kill the rat!
No target in view!
Found an escape hatch in the ceiling.
There is an entrance to Piwace Del's Distillery here.
q - a potion of might;
r - a potion of degeneration {!q} Thank you for shopping at Piwace Del's Distillery!
You drop a potion of degeneration {!q}.
As you read the scroll labelled SITUCL ROFIE, it crumbles to dust.
You feel aware of your surroundings.
You sensed 1 shop/portal.
It was a scroll of magic mapping.
As you read the scroll labelled CARGHE TIMNADU, it crumbles to dust.
You hear a loud clanging noise!
It was a scroll of noise.
As you read the scroll labelled LEM LANGINT, it crumbles to dust.
It is a scroll of brand weapon.
Really abort (and waste the scroll)?
Okay, then.
Blink to where?
As you read the scroll labelled OKKEUT NUHYQEI, it crumbles to dust.
It was a scroll of blinking.
As you read the scroll labelled ZOSYGU OHANOCS, it crumbles to dust.
It is a scroll of identify.
o - 2 potions of flight
There is an entrance to Piwace Del's Distillery here.
You see here a potion of degeneration {!q}.
Found a stone staircase leading down.
An endoplasm comes into view.
The endoplasm moves out of view.
An endoplasm is nearby!
An endoplasm is nearby!
An endoplasm is nearby!
The endoplasm quivers.
You hit the endoplasm.
The endoplasm is poisoned.
The endoplasm closely misses you.
You hit the endoplasm.
You kill the endoplasm!
No target in view!
There is an escape hatch in the ceiling here.
Found a stone staircase leading up.
b - 3 scrolls of identify {@r1}
Found a leather armour.
Found a transporter.
A worm comes into view.
Found 18 gold pieces.
The orc priest shouts!
A worm is nearby!
A worm is nearby!
A worm is nearby!
You hit the worm.
The worm is poisoned.
The shadow imp disappears for a moment.
The worm bites you but does no damage.
You hit the worm.
The worm looks as sick as possible!
You touch the worm.
The worm barely misses you.
You barely miss the worm. You barely miss the worm.
The worm bites you but does no damage.
You hit the worm.
The worm looks as sick as possible!
You touch the worm.
A bat comes into view.
The bat moves out of view.
You hit the worm.
You kill the worm!
The bat hits you but does no damage.
You hit the bat. The bat closely misses you. The bat barely misses you.
You closely miss the bat. The bat hits you but does no damage.
You barely miss the bat. The bat barely misses you.
You hit the bat.
You kill the bat!
No reachable target in view!
No reachable target in view!
No reachable target in view!
No reachable target in view!
No reachable target in view!
No reachable target in view!
No reachable target in view!
Found a transporter.
Found a pair of runed gloves.
There is a transporter here.
i - a +2 pair of gloves You start putting on your armour.
You continue putting on your +2 pair of gloves. x4
You finish putting on your +2 pair of gloves.
The shadow imp shouts, "Scamper away, thou mangled limp-willed coxcomb!"
There is a transporter here.
You enter the transporter and appear at another place.
j - a wand of flame (17) As you open the door, it creaks loudly!
The shadow imp lashes its tail.
Okay, then.
The shadow imp gestures at you.
You barely resist.
The orc priest mumbles some strange prayers to Beogh against you.
Beogh smites you! The shadow imp gestures at you.
Pain shoots through your body!
* * * LOW HITPOINT WARNING * * *
There is an open door here.
A shadow imp is nearby!
A shadow imp is nearby!
There is a transporter landing site here.
A shadow imp is nearby!
The shadow imp gestures at you. Pain shoots through your body!
* * * LOW HITPOINT WARNING * * *
The shadow imp gestures at you. Pain shoots through your body!
You die...

* #.# #.##.#***,,****,* * #.#
*..#.# #..# *,* * #.# *#.#.#
#..##**,*** *
########.#####.#.####....,,,,,,
*
#.....†................#***,***
* #.###############.###.## *,*
* #.#8≈#.....5o#P8#.# #.# *,*
*#.#P.#≈≈≈≈≈≈≈#.P#.###.#####.#
**..#$.#..≈P≈..#@.#...........#
*,.©#©[+..≈⌠≈..'.©#©....#######
,,..#$.#..≈≈≈..#..#...###
,*#.#P.#≈≈≈≈≈≈≈#.P#.#.#**
,**,*8≈*.....5o#P8#.....*
,**,****###########.#.#.#*
,,,,,,,,.................#
********###########.#.#..#
***** #......#* *,,,,


You could see 2 orc priests and 2 shadow imps.

Vanquished Creatures
  An iguana (D:2)
  5 adders (D:2)
  2 worms
  5 orcs (D:3)
  4 ball pythons
  6 endoplasms
  3 giant cockroaches
  7 goblins
  6 hobgoblins
  3 jackals (D:2)
  2 quokkas (D:1)
  2 bats
  3 frilled lizards
  4 kobolds (D:1)
  8 rats
61 creatures vanquished.

Notes
Turn   | Place    | Note
-------+----------+-------------------------------------------
     0 | D:1      | CryoSword the Demonspawn Necromancer began the quest for
                  | the Orb.
     0 | D:1      | Reached XP level 1. HP: 13/13 MP: 3/3
   416 | D:1      | Reached skill level 1 in Fighting
   418 | D:1      | Gained mutation: Your touch may inflict minor irresistible
                  | damage on your foes. [demonic ancestry]
   418 | D:1      | Reached XP level 2. HP: 17/21 MP: 0/5
  1168 | D:1      | Reached XP level 3. HP: 24/27 MP: 2/6
  1448 | D:1      | Learned a level 3 spell: Vampiric Draining
  1654 | D:2      | Found Gafifumi's Armour Shop.
  2073 | D:2      | Gained mutation: Your touch may inflict irresistible damage
                  | on your foes. [demonic ancestry]
  2073 | D:2      | Reached XP level 4. HP: 24/34 MP: 1/7
  2231 | D:2      | Reached skill level 5 in Necromancy
  2439 | D:2      | Found a faded altar of an unknown god.
  3297 | D:3      | Reached XP level 5. HP: 18/41 MP: 3/8
  3517 | D:3      | Found Piwace Del's Distillery.
  3529 | D:3      | Bought a potion of might for 44 gold pieces
  3529 | D:3      | Bought a potion of degeneration for 11 gold pieces
  3573 | D:3      | Found a transporter.
  3588 | D:3      | Found a transporter.
  3634 | D:3      | Killed from afar by a shadow imp

Illustrated notes

Levels and vault maps discovered:
D:1:      amcnicky_arrival_blooded_trapdoor, layout_loops_corners
D:2:      layout_loops_ring, serial_shops, shop,
          hellmonk_ecumenical_altar_dog_temple
D:3:      gammafunk_wand_slinger, layout_loops_ring, serial_shops,
          nicolae_shop_trees, shop

Skill      XL: |  1  2  3  4 |
---------------+-------------+-----
Fighting       | 1 2 3 |  3.2
Dodging        | 2 |  2.8
Necromancy     | 5 |  5.1
Stealth        | |  1.7
Spellcasting   | |  2.0

Action                   |  1- 3 |  4- 6 || total
-------------------------+-------+-------++-------
Melee: Dagger            |     2 |    14 ||    16
       Short sword       |    12 |    14 ||    26
       Unarmed           |     1 |       ||     1
       Touch             |     3 |     9 ||    12
       Trident           |       |    16 ||    16
 Cast: Pain              |    54 |    38 ||    92
  Use: Scroll            |       |     5 ||     5
 Stab: Sleeping          |       |     2 ||     2
Armor: Robe              |    10 |    23 ||    33
Dodge: Dodged            |    25 |    44 ||    69
